Penguins vs Flyers

Created - 11 mars 2021 at 20:38

Goals
1 2 3 T
Penguins 2 0 3 5
Flyers 1 1 1 3
Shots
1 2 3 T
Penguins 17 3 11 31
Flyers 8 12 16 36

1st period

1. Penguins , Patrik Laine 9 (Nathan MacKinnon 34, Shea Weber 35) at 0:19 (PP)
2. Penguins , Gabriel Landeskog 25 (Nathan MacKinnon 35) at 1:01
3. Flyers , Jakub Voracek 21 (Mika Zibanejad 42, Keith Kinkaid) at 5:31 (PP)

Penalties :
Victor Hedman (PHI) for Hooking (Minor) at 0:07, Brent Seabrook (PIT) for High sticking (Minor) at 1:23, Joe Thornton (PIT) for Tripping (Minor) at 4:09, Filip Hronek (PIT) for Holding (Minor) at 12:51, Noah Hanifin (PHI) for Hooking (Minor) at 16:46

2nd period

4. Flyers , William Nylander 17 (Vince Dunn 20) at 13:09

Penalties :
Clayton Keller (PIT) for High sticking (Minor) at 13:43

3rd period

5. Penguins , Nathan MacKinnon 33 (Filip Hronek 29) at 4:50
6. Penguins , Gabriel Landeskog 26 (Filip Hronek 30, Nathan MacKinnon 36) at 6:02 (PP)
7. Flyers , Jakub Voracek 22 (Jonas Brodin 21, Mika Zibanejad 43) at 14:18 (PP)
8. Penguins , Filip Hronek 8 (Filip Forsberg 26, Alex DeBrincat 18) at 17:07 (PP)

Penalties :
Johan Larsson (PHI) for Tripping (Minor) at 5:52, Ryan Graves (PHI) for Interference (Minor) at 6:30, Josh Anderson (PIT) for Roughing (Minor) at 13:20, Victor Hedman (PHI) for High sticking (Minor) at 14:57, Keith Kinkaid (PHI) for Slashing (Minor) at 15:29 - Jamie Benn served the penalty.

Goalie Stats

Connor Hellebuyck (PIT), 33 saves from 36 shots - (0,917), W, 29-26-8, 60:00 minutes
Keith Kinkaid (PHI), 26 saves from 31 shots - (0,839), L, 0-6-0, 60:00 minutes

Players Stats for Penguins

Player Name              G  A  P  +/- PIM S  H  SB GA TA FO     MP     PP MP  PK MP  
------------------------------------------------------------------------------------
Adrian Kempe             0  0  0   0  0   4  0  0  0  0  1/1    13:07   0:00   0:50 
Aleksi Saarela           0  0  0   0  0   0  0  0  0  0  0/0     0:00   0:00   0:00 
Alex DeBrincat           0  1  1   0  0   3  1  0  0  0  0/0    17:38   2:58   0:50 
Brent Seabrook           0  0  0   0  2   1  2  1  0  0  0/0    13:26   0:00   0:12 
Cedric Paquette          0  0  0   0  0   0  0  0  0  0  4/5     2:46   0:00   0:00 
Clayton Keller           0  0  0   0  2   2  1  0  0  0  1/2    12:16   0:00   0:00 
Filip Forsberg           0  1  1   0  0   3  1  0  0  0  1/1    16:48   2:58   0:00 
Filip Hronek             1  2  3   0  2   2  4  2  0  0  0/0    20:32   2:56   3:18 
Gabriel Landeskog        2  0  2   1  0   2  2  1  0  0  2/2    24:43   3:32   4:51 
Joe Thornton             0  0  0   0  2   2  1  0  0  0  10/18  12:16   0:00   0:00 
Josh Anderson            0  0  0   0  2   1  0  0  0  0  1/1     2:45   0:00   0:00 
Justin Braun             0  0  0   0  0   2  1  4  0  0  0/0    21:08   2:56   3:53 
Marcus Pettersson        0  0  0   0  0   0  0  2  0  0  0/0    14:02   0:00   0:47 
Mark Giordano            0  0  0   1  0   0  1  2  0  0  0/0    25:25   3:34   4:12 
Nathan MacKinnon         1  3  4   1  0   2  0  0  0  0  14/38  27:29   3:32   4:51 
Patrik Laine             1  0  1   1  0   3  1  0  0  0  0/0    22:28   3:32   2:36 
Sean Monahan             0  0  0   0  0   1  0  0  0  0  16/28  19:24   2:58   2:36 
Shea Weber               0  1  1   1  0   3  3  1  0  0  0/0    25:25   3:34   4:12 

Players Stats for Flyers

Player Name              G  A  P  +/- PIM S  H  SB GA TA FO     MP     PP MP  PK MP  
------------------------------------------------------------------------------------
Brendan Gallagher        0  0  0  -2  0   5  1  0  0  0  1/1    13:33   0:00   0:00 
Jake Debrusk             0  0  0   0  0   1  1  0  0  0  0/1     9:41   0:00   0:00 
Jakub Voracek            2  0  2   0  0   4  0  0  0  0  1/1    15:39   4:39   2:21 
Jamie Benn               0  0  0   0  0   1  3  0  0  0  1/2    16:00   4:39   2:42 
Joel Farabee             0  0  0   0  0   0  0  0  0  0  0/0     0:00   0:00   0:00 
Johan Larsson            0  0  0  -2  2   1  2  0  0  0  7/19   13:49   0:00   0:17 
Jonas Brodin             0  1  1  -2  0   2  0  2  0  0  0/0    21:05   4:27   3:35 
Mika Zibanejad           0  2  2   0  0   5  3  0  0  0  15/27  26:51   4:39   3:52 
Nino Niederreiter        0  0  0  -2  0   0  0  0  0  0  0/0    13:33   0:00   0:00 
Noah Hanifin             0  0  0   0  2   2  1  2  0  0  0/0    22:40   3:50   2:16 
Paul Stastny             0  0  0   1  0   8  2  0  0  0  17/30  19:19   3:38   2:21 
Rasmus Andersson         0  0  0   1  0   0  5  1  0  0  0/0    23:37   4:27   3:35 
Robert Thomas            0  0  0   0  0   0  0  0  0  0  3/12    9:41   0:00   0:00 
Ryan Graves              0  0  0  -2  2   1  5  1  0  0  0/0    14:34   0:00   1:32 
Tomas Tatar              0  0  0   1  0   1  1  0  0  0  1/2    16:58   3:38   0:00 
Victor Hedman            0  0  0   0  4   2  1  1  0  0  0/0    22:25   3:50   2:02 
Vince Dunn               0  1  1   1  0   0  4  2  0  0  0/0    15:35   0:00   0:00 
William Nylander         1  0  1   1  0   3  0  0  0  0  0/1    16:58   3:38   0:00 

3 Stars

1 - Nathan MacKinnon (PIT)
2 - Gabriel Landeskog (PIT)
3 - Filip Hronek (PIT)

Power Play

Penguins - 3 on 6 Attempt(s) - 50,00%
Flyers - 2 on 5 Attempt(s) - 40,00%

Penalty Kill

Penguins - 3 on 5 Attempt(s) - 60,00% - Score 0 goal in Penalty Kill
Flyers - 3 on 6 Attempt(s) - 50,00% - Score 0 goal in Penalty Kill

Team Stat

Penguins - Hits : 18 - Faceoff Wins : 50 - Blocked Shots : 13 - Penalty Minutes : 10
Flyers - Hits : 29 - Faceoff Wins : 46 - Blocked Shots : 9 - Penalty Minutes : 12

Official

Referees : Ghislain Hebert and Francis Charron
Linesman : Brendan Lewis and Jake Davis

Game Notes

No Game Note

Finance

Level 1 -- Attendance: 6500 (100,00%) -- Ticket Income 715 000 $
Level 2 -- Attendance: 5000 (100,00%) -- Ticket Income 375 000 $
Level 3 -- Attendance: 3285 (93,86%) -- Ticket Income 183 960 $
Level 4 -- Attendance: 1565 (100,00%) -- Ticket Income 62 600 $
Luxury Box -- Attendance: 1000 (100,00%) -- Ticket Income 199 000 $
Game was played at the Wells Fargo Center.
Total Attendance: 17350 (98,78%)
Total Ticket Income: 1 535 560 $
Other Income: 752 424 $
Total Income: 2 287 984 $

% Time on Ice - Penguins

Lines # - Real PCT - Wanted PCT - Time Play
Normal Forward
1 - 36% - 40% - 16:20
2 - 31% - 30% - 13:50
3 - 27% - 20% - 12:17
4 - 6% - 10% - 2:46
Normal Defense
1 - 37% - 40% - 16:35
2 - 32% - 30% - 14:19
3 - 29% - 20% - 13:15
4 - 2% - 10% - 1:04
PP Forward
1 - 54% - 60% - 3:32
2 - 46% - 40% - 2:58
PP Defense
1 - 55% - 60% - 3:34
2 - 45% - 40% - 2:56
PK Forward
1 - 69% - 60% - 5:41
2 - 31% - 40% - 2:36
PK Defense
1 - 51% - 60% - 4:12
2 - 49% - 40% - 4:05
PK3 Forward
1 - 0% - 60%
2 - 0% - 40%
PK3 Defense
1 - 0% - 60%
2 - 0% - 40%
44 Forward
1 - 0% - 60%
2 - 0% - 40%
44 Defense
1 - 0% - 60%
2 - 0% - 40%
Last Minute Offensive  - 0:00
Last Minute Defensive  - 0:00
Total
Forward - 60:00
Defense - 60:00

% Time on Ice - Flyers

Lines # - Real PCT - Wanted PCT - Time Play
Normal Forward
1 - 19% - 25% - 8:39
2 - 29% - 25% - 13:20
3 - 30% - 25% - 13:33
4 - 21% - 25% - 9:41
Normal Defense
1 - 37% - 35% - 16:35
2 - 34% - 35% - 15:35
3 - 29% - 30% - 13:03
4 - 0% - 0% - 0:00
PP Forward
1 - 56% - 50% - 4:39
2 - 44% - 50% - 3:38
PP Defense
1 - 46% - 50% - 3:50
2 - 54% - 50% - 4:27
PK Forward
1 - 53% - 50% - 2:42
2 - 47% - 50% - 2:21
PK Defense
1 - 42% - 50% - 2:08
2 - 58% - 50% - 2:55
PK3 Forward
1 - 80% - 60% - 1:10
2 - 20% - 40% - 0:17
PK3 Defense
1 - 54% - 60% - 0:47
2 - 46% - 40% - 0:40
44 Forward
1 - 0% - 50%
2 - 0% - 50%
44 Defense
1 - 0% - 50%
2 - 0% - 50%
Last Minute Offensive  - 0:00
Last Minute Defensive  - 0:00
Total
Forward - 60:00
Defense - 60:00

Play-by-Play

1st period


0:01 of 1st period - Mika Zibanejad wins face-off versus Nathan MacKinnon in neutral zone.
0:07 of 1st period - Minor Penalty to Victor Hedman for Hooking.
0:08 of 1st period - Mika Zibanejad wins face-off versus Nathan MacKinnon in Flyers zone.
0:19 of 1st period - Shot by Patrik Laine.
0:19 of 1st period - Goal by Patrik Laine - Penguins : 1 - Flyers : 0.
0:20 of 1st period - Sean Monahan wins face-off versus Paul Stastny in neutral zone.
0:35 of 1st period - Shot by Filip Forsberg.
0:35 of 1st period - Shot Misses the Net.
0:41 of 1st period - Shot by Filip Forsberg.
0:41 of 1st period - Deflect By Sean Monahan.
0:41 of 1st period - Shot Misses the Net.
0:55 of 1st period - Shot by Justin Braun.
0:55 of 1st period - Stopped by Keith Kinkaid without a rebound.
0:56 of 1st period - Nathan MacKinnon wins face-off versus Johan Larsson in Flyers zone.
1:01 of 1st period - Shot by Gabriel Landeskog.
1:01 of 1st period - Goal by Gabriel Landeskog - Penguins : 2 - Flyers : 0.
1:02 of 1st period - Joe Thornton wins face-off versus Robert Thomas in neutral zone.
1:04 of 1st period - Off-side.
1:05 of 1st period - Nathan MacKinnon wins face-off versus Robert Thomas in neutral zone.
1:18 of 1st period - Shot by Mika Zibanejad.
1:18 of 1st period - Shot Misses the Net.
1:20 of 1st period - Shot by Mika Zibanejad.
1:20 of 1st period - Stopped by Connor Hellebuyck without a rebound.
1:21 of 1st period - Johan Larsson wins face-off versus Joe Thornton in Penguins zone.
1:21 of 1st period - Brendan Gallagher is hit by Brent Seabrook and loses puck.
1:23 of 1st period - Minor Penalty to Brent Seabrook for High sticking.
1:24 of 1st period - Mika Zibanejad wins face-off versus Nathan MacKinnon in Penguins zone.
1:42 of 1st period - Shot by Victor Hedman.
1:42 of 1st period - Shot Misses the Net.
1:49 of 1st period - Icing by Noah Hanifin.
1:50 of 1st period - Mika Zibanejad wins face-off versus Sean Monahan in Flyers zone.
2:54 of 1st period - Shot by Paul Stastny.
2:54 of 1st period - Stopped by Connor Hellebuyck with a rebound.
2:56 of 1st period - Shot by Tomas Tatar.
2:56 of 1st period - Shot Misses the Net.
2:58 of 1st period - Shot by Paul Stastny.
2:58 of 1st period - Shot Misses the Net.
3:00 of 1st period - Shot by Jonas Brodin.
3:00 of 1st period - Shot Misses the Net.
4:09 of 1st period - Minor Penalty to Joe Thornton for Tripping.
4:10 of 1st period - Mika Zibanejad wins face-off versus Nathan MacKinnon in Penguins zone.
4:26 of 1st period - Off-side.
4:27 of 1st period - Mika Zibanejad wins face-off versus Nathan MacKinnon in neutral zone.
4:42 of 1st period - Shot by Noah Hanifin.
4:42 of 1st period - Stopped by Connor Hellebuyck without a rebound.
4:43 of 1st period - Paul Stastny wins face-off versus Sean Monahan in Penguins zone.
4:51 of 1st period - Tomas Tatar is hit by Filip Hronek and loses puck.
4:55 of 1st period - Tomas Tatar is hit by Filip Hronek.
5:06 of 1st period - Paul Stastny is hit by Justin Braun and loses puck.
5:12 of 1st period - Tomas Tatar is hit by Filip Hronek and loses puck.
5:31 of 1st period - Shot by Jakub Voracek.
5:31 of 1st period - Goal by Jakub Voracek - Penguins : 2 - Flyers : 1.
5:32 of 1st period - Cedric Paquette wins face-off versus Johan Larsson in neutral zone.
5:47 of 1st period - Shot by Mark Giordano.
5:47 of 1st period - Shot Blocked by Vince Dunn.
5:49 of 1st period - Shot by Josh Anderson.
5:49 of 1st period - Stopped by Keith Kinkaid without a rebound.
5:50 of 1st period - Joe Thornton wins face-off versus Mika Zibanejad in Flyers zone.
6:55 of 1st period - Shot by Patrik Laine.
6:55 of 1st period - Stopped by Keith Kinkaid without a rebound.
6:56 of 1st period - Sean Monahan wins face-off versus Paul Stastny in Flyers zone.
7:05 of 1st period - Shot by Alex DeBrincat.
7:05 of 1st period - Stopped by Keith Kinkaid without a rebound.
7:06 of 1st period - Nathan MacKinnon wins face-off versus Johan Larsson in Flyers zone.
7:13 of 1st period - Shot by Nathan MacKinnon.
7:13 of 1st period - Shot Misses the Net.
8:08 of 1st period - Icing by William Nylander.
8:09 of 1st period - Paul Stastny wins face-off versus Sean Monahan in Flyers zone.
8:20 of 1st period - Icing by Justin Braun.
8:21 of 1st period - Sean Monahan wins face-off versus Robert Thomas in Penguins zone.
8:34 of 1st period - Shot by Alex DeBrincat.
8:34 of 1st period - Stopped by Keith Kinkaid without a rebound.
8:35 of 1st period - Paul Stastny wins face-off versus Joe Thornton in Flyers zone.
9:00 of 1st period - Shot by William Nylander.
9:00 of 1st period - Shot Blocked by Marcus Pettersson.
9:36 of 1st period - Shot by Mika Zibanejad.
9:36 of 1st period - Stopped by Connor Hellebuyck without a rebound.
9:37 of 1st period - Nathan MacKinnon wins face-off versus Johan Larsson in Penguins zone.
9:46 of 1st period - Shot by Nathan MacKinnon.
9:46 of 1st period - Deflect By Gabriel Landeskog.
9:46 of 1st period - Shot Blocked by Victor Hedman.
9:58 of 1st period - Shot by Nino Niederreiter.
9:58 of 1st period - Shot Blocked by Justin Braun.
10:12 of 1st period - Shot by Nathan MacKinnon.
10:12 of 1st period - Shot Misses the Net.
10:17 of 1st period - Victor Hedman is hit by Filip Hronek and loses puck.
10:35 of 1st period - Icing by Mika Zibanejad.
10:36 of 1st period - Robert Thomas wins face-off versus Sean Monahan in Flyers zone.
10:48 of 1st period - Sean Monahan is hit by Rasmus Andersson and loses puck.
10:58 of 1st period - Mika Zibanejad is hit by Shea Weber.
11:29 of 1st period - Icing by Rasmus Andersson.
11:30 of 1st period - Joe Thornton wins face-off versus Robert Thomas in Flyers zone.
11:30 of 1st period - Adrian Kempe is hit by Rasmus Andersson and loses puck.
11:34 of 1st period - Icing by Vince Dunn.
11:35 of 1st period - Gabriel Landeskog wins face-off versus Robert Thomas in Flyers zone.
11:39 of 1st period - Icing by Rasmus Andersson.
11:40 of 1st period - Robert Thomas wins face-off versus Nathan MacKinnon in Flyers zone.
11:40 of 1st period - Robert Thomas is hit by Patrik Laine.
11:45 of 1st period - Rasmus Andersson is hit by Gabriel Landeskog and loses puck.
11:50 of 1st period - Justin Braun is hit by Mika Zibanejad and loses puck.
12:19 of 1st period - Shot by Nathan MacKinnon.
12:19 of 1st period - Stopped by Keith Kinkaid with a rebound.
12:45 of 1st period - Victor Hedman is hit by Gabriel Landeskog and loses puck.
12:51 of 1st period - Minor Penalty to Filip Hronek for Holding.
12:52 of 1st period - Adrian Kempe wins face-off versus Mika Zibanejad in Penguins zone.
12:56 of 1st period - Shea Weber is hit by Jamie Benn.
13:53 of 1st period - Shot by Paul Stastny.
13:53 of 1st period - Stopped by Connor Hellebuyck without a rebound.
13:54 of 1st period - Paul Stastny wins face-off versus Sean Monahan in Penguins zone.
14:17 of 1st period - Off-side.
14:18 of 1st period - Mika Zibanejad wins face-off versus Nathan MacKinnon in neutral zone.
14:21 of 1st period - Gabriel Landeskog is hit by Jamie Benn.
14:27 of 1st period - Shot by Nathan MacKinnon.
14:27 of 1st period - Shot Misses the Net.
14:50 of 1st period - Shot by Jamie Benn.
14:50 of 1st period - Deflect By Mika Zibanejad.
14:50 of 1st period - Shot Blocked by Mark Giordano.
15:00 of 1st period - Shot by Clayton Keller.
15:00 of 1st period - Stopped by Keith Kinkaid with a rebound.
15:02 of 1st period - Shot by Adrian Kempe.
15:02 of 1st period - Stopped by Keith Kinkaid without a rebound.
15:03 of 1st period - Johan Larsson wins face-off versus Sean Monahan in Flyers zone.
15:08 of 1st period - Shot by Sean Monahan.
15:08 of 1st period - Shot Blocked by Jonas Brodin.
15:10 of 1st period - Shot by Shea Weber.
15:10 of 1st period - Stopped by Keith Kinkaid with a rebound.
15:12 of 1st period - Shot by Mark Giordano.
15:12 of 1st period - Shot Misses the Net.
15:39 of 1st period - Shot by Sean Monahan.
15:39 of 1st period - Stopped by Keith Kinkaid with a rebound.
15:57 of 1st period - Shot by Adrian Kempe.
15:57 of 1st period - Stopped by Keith Kinkaid without a rebound.
15:58 of 1st period - Mika Zibanejad wins face-off versus Nathan MacKinnon in Flyers zone.
16:09 of 1st period - Shot by Jamie Benn.
16:09 of 1st period - Stopped by Connor Hellebuyck without a rebound.
16:10 of 1st period - Paul Stastny wins face-off versus Joe Thornton in Penguins zone.
16:15 of 1st period - Shot by Tomas Tatar.
16:15 of 1st period - Deflect By William Nylander.
16:15 of 1st period - Shot Misses the Net.
16:17 of 1st period - Shot by Paul Stastny.
16:17 of 1st period - Stopped by Connor Hellebuyck without a rebound.
16:18 of 1st period - Mika Zibanejad wins face-off versus Nathan MacKinnon in Penguins zone.
16:21 of 1st period - Shot by Jakub Voracek.
16:21 of 1st period - Shot Blocked by Justin Braun.
16:46 of 1st period - Minor Penalty to Noah Hanifin for Hooking.
16:47 of 1st period - Sean Monahan wins face-off versus Paul Stastny in Flyers zone.
16:50 of 1st period - Shot by Filip Forsberg.
16:50 of 1st period - Stopped by Keith Kinkaid with a rebound.
16:52 of 1st period - Shot by Shea Weber.
16:52 of 1st period - Shot Blocked by Jonas Brodin.
17:05 of 1st period - Shot by Shea Weber.
17:05 of 1st period - Shot Misses the Net.
17:07 of 1st period - Shot by Filip Forsberg.
17:07 of 1st period - Stopped by Keith Kinkaid without a rebound.
17:08 of 1st period - Nathan MacKinnon wins face-off versus Mika Zibanejad in Flyers zone.
17:08 of 1st period - Nathan MacKinnon is hit by Ryan Graves.
17:12 of 1st period - Shot by Patrik Laine.
17:12 of 1st period - Shot Blocked by Ryan Graves.
17:36 of 1st period - Shot by Nathan MacKinnon.
17:36 of 1st period - Shot Misses the Net.
18:05 of 1st period - Shot by Shea Weber.
18:05 of 1st period - Deflect By Alex DeBrincat.
18:05 of 1st period - Stopped by Keith Kinkaid without a rebound.
18:06 of 1st period - Sean Monahan wins face-off versus Mika Zibanejad in Flyers zone.
18:17 of 1st period - Shot by Mark Giordano.
18:17 of 1st period - Shot Misses the Net.
18:21 of 1st period - Shot by Sean Monahan.
18:21 of 1st period - Deflect By Filip Forsberg.
18:21 of 1st period - Shot Misses the Net.
18:23 of 1st period - Shot by Mark Giordano.
18:23 of 1st period - Shot Blocked by Rasmus Andersson.
18:38 of 1st period - Shot by Sean Monahan.
18:38 of 1st period - Shot Misses the Net.
18:54 of 1st period - Shot by Adrian Kempe.
18:54 of 1st period - Stopped by Keith Kinkaid without a rebound.
18:55 of 1st period - Nathan MacKinnon wins face-off versus Johan Larsson in Flyers zone.
18:55 of 1st period - Brent Seabrook is hit by Victor Hedman.
19:01 of 1st period - Shot by Nathan MacKinnon.
19:01 of 1st period - Shot Misses the Net.
19:09 of 1st period - Shot by Gabriel Landeskog.
19:09 of 1st period - Shot Misses the Net.
19:23 of 1st period - Shot by Gabriel Landeskog.
19:23 of 1st period - Shot Misses the Net.
19:56 of 1st period - Icing by Tomas Tatar.
19:57 of 1st period - Sean Monahan wins face-off versus Paul Stastny in Flyers zone.
Goals for this period are 2 for Penguins vs 1 for Flyers.
Shots for this period are 17 for Penguins vs 8 for Flyers.

2nd period


0:01 of 2nd period - Jamie Benn wins face-off versus Sean Monahan in neutral zone.
1:14 of 2nd period - Shot by Nathan MacKinnon.
1:14 of 2nd period - Deflect By Patrik Laine.
1:14 of 2nd period - Shot Hit the Post.
2:12 of 2nd period - Shot by Tomas Tatar.
2:12 of 2nd period - Stopped by Connor Hellebuyck without a rebound.
2:13 of 2nd period - Sean Monahan wins face-off versus Johan Larsson in Penguins zone.
2:41 of 2nd period - Shot by Brendan Gallagher.
2:41 of 2nd period - Shot Misses the Net.
2:43 of 2nd period - Shot by Ryan Graves.
2:43 of 2nd period - Stopped by Connor Hellebuyck without a rebound.
2:44 of 2nd period - Tomas Tatar wins face-off versus Nathan MacKinnon in Penguins zone.
3:05 of 2nd period - Shot by William Nylander.
3:05 of 2nd period - Shot Misses the Net.
4:05 of 2nd period - Shot by Brendan Gallagher.
4:05 of 2nd period - Shot Misses the Net.
4:31 of 2nd period - Shot by Mika Zibanejad.
4:31 of 2nd period - Stopped by Connor Hellebuyck with a rebound.
4:33 of 2nd period - Shot by Victor Hedman.
4:33 of 2nd period - Shot Blocked by Justin Braun.
4:35 of 2nd period - Shot by Robert Thomas.
4:35 of 2nd period - Shot Blocked by Justin Braun.
4:47 of 2nd period - Patrik Laine is hit by Mika Zibanejad and loses puck.
5:20 of 2nd period - Shot by Paul Stastny.
5:20 of 2nd period - Stopped by Connor Hellebuyck with a rebound.
5:22 of 2nd period - Shot by Paul Stastny.
5:22 of 2nd period - Stopped by Connor Hellebuyck without a rebound.
5:23 of 2nd period - Joe Thornton wins face-off versus Johan Larsson in Penguins zone.
5:33 of 2nd period - Icing by Clayton Keller.
5:34 of 2nd period - Mika Zibanejad wins face-off versus Joe Thornton in Penguins zone.
5:40 of 2nd period - Off-side.
5:41 of 2nd period - Johan Larsson wins face-off versus Sean Monahan in neutral zone.
5:47 of 2nd period - Icing by Mark Giordano.
5:48 of 2nd period - Sean Monahan wins face-off versus Paul Stastny in Penguins zone.
5:56 of 2nd period - Mark Giordano is hit by Ryan Graves and loses puck.
6:57 of 2nd period - Shot by Joe Thornton.
6:57 of 2nd period - Deflect By Adrian Kempe.
6:57 of 2nd period - Stopped by Keith Kinkaid with a rebound.
6:59 of 2nd period - Shot by Brent Seabrook.
6:59 of 2nd period - Shot Misses the Net.
7:03 of 2nd period - Shot by Joe Thornton.
7:03 of 2nd period - Shot Misses the Net.
7:05 of 2nd period - Shot by Brent Seabrook.
7:05 of 2nd period - Stopped by Keith Kinkaid with a rebound.
7:07 of 2nd period - Shot by Adrian Kempe.
7:07 of 2nd period - Deflect By Joe Thornton.
7:07 of 2nd period - Stopped by Keith Kinkaid with a rebound.
7:17 of 2nd period - Shot by Clayton Keller.
7:17 of 2nd period - Shot Misses the Net.
7:19 of 2nd period - Shot by Marcus Pettersson.
7:19 of 2nd period - Shot Misses the Net.
7:44 of 2nd period - Shot by Victor Hedman.
7:44 of 2nd period - Shot Misses the Net.
7:56 of 2nd period - Shot by Johan Larsson.
7:56 of 2nd period - Deflect By Brendan Gallagher.
7:56 of 2nd period - Stopped by Connor Hellebuyck with a rebound.
8:31 of 2nd period - Icing by Shea Weber.
8:32 of 2nd period - Cedric Paquette wins face-off versus Paul Stastny in Penguins zone.
8:36 of 2nd period - Off-side.
8:37 of 2nd period - Paul Stastny wins face-off versus Sean Monahan in neutral zone.
8:57 of 2nd period - Shot by William Nylander.
8:57 of 2nd period - Stopped by Connor Hellebuyck without a rebound.
8:58 of 2nd period - Clayton Keller wins face-off versus Mika Zibanejad in Penguins zone.
9:06 of 2nd period - Icing by Noah Hanifin.
9:07 of 2nd period - Sean Monahan wins face-off versus Mika Zibanejad in Flyers zone.
9:14 of 2nd period - Justin Braun is hit by Jamie Benn and loses puck.
9:32 of 2nd period - Icing by Victor Hedman.
9:33 of 2nd period - Joe Thornton wins face-off versus Mika Zibanejad in Flyers zone.
9:40 of 2nd period - Shot by Clayton Keller.
9:40 of 2nd period - Shot Blocked by Noah Hanifin.
9:57 of 2nd period - Shot by Mika Zibanejad.
9:57 of 2nd period - Shot Blocked by Marcus Pettersson.
10:11 of 2nd period - Shot by Adrian Kempe.
10:11 of 2nd period - Shot Misses the Net.
10:18 of 2nd period - Icing by Rasmus Andersson.
10:19 of 2nd period - Sean Monahan wins face-off versus Tomas Tatar in Flyers zone.
10:27 of 2nd period - Alex DeBrincat is hit by Vince Dunn and loses puck.
10:31 of 2nd period - Icing by Rasmus Andersson.
10:32 of 2nd period - Paul Stastny wins face-off versus Nathan MacKinnon in Flyers zone.
10:55 of 2nd period - Shot by Tomas Tatar.
10:55 of 2nd period - Shot Misses the Net.
10:57 of 2nd period - Shot by Vince Dunn.
10:57 of 2nd period - Shot Misses the Net.
11:38 of 2nd period - Mark Giordano is hit by Ryan Graves and loses puck.
11:55 of 2nd period - Shot by Sean Monahan.
11:55 of 2nd period - Shot Misses the Net.
12:02 of 2nd period - Robert Thomas is hit by Shea Weber and loses puck.
12:10 of 2nd period - Icing by Mark Giordano.
12:11 of 2nd period - Filip Forsberg wins face-off versus Johan Larsson in Penguins zone.
12:11 of 2nd period - Filip Forsberg is hit by Brendan Gallagher.
12:38 of 2nd period - Icing by Noah Hanifin.
12:39 of 2nd period - Brendan Gallagher wins face-off versus Nathan MacKinnon in Flyers zone.
13:09 of 2nd period - Shot by William Nylander.
13:09 of 2nd period - Goal by William Nylander - Penguins : 2 - Flyers : 2.
13:10 of 2nd period - Paul Stastny wins face-off versus Clayton Keller in neutral zone.
13:10 of 2nd period - William Nylander is hit by Joe Thornton and loses puck.
13:32 of 2nd period - Marcus Pettersson is hit by Vince Dunn.
13:43 of 2nd period - Minor Penalty to Clayton Keller for High sticking.
13:44 of 2nd period - Nathan MacKinnon wins face-off versus Mika Zibanejad in Penguins zone.
14:12 of 2nd period - Off-side.
14:13 of 2nd period - Nathan MacKinnon wins face-off versus William Nylander in neutral zone.
15:21 of 2nd period - Shot by Noah Hanifin.
15:21 of 2nd period - Stopped by Connor Hellebuyck without a rebound.
15:22 of 2nd period - Nathan MacKinnon wins face-off versus Mika Zibanejad in Penguins zone.
15:31 of 2nd period - Shot by Mika Zibanejad.
15:31 of 2nd period - Stopped by Connor Hellebuyck without a rebound.
15:32 of 2nd period - Paul Stastny wins face-off versus Nathan MacKinnon in Penguins zone.
15:35 of 2nd period - Shot by William Nylander.
15:35 of 2nd period - Shot Blocked by Gabriel Landeskog.
16:10 of 2nd period - Clayton Keller is hit by Johan Larsson and loses puck.
16:15 of 2nd period - Shot by Johan Larsson.
16:15 of 2nd period - Deflect By Brendan Gallagher.
16:15 of 2nd period - Shot Blocked by Brent Seabrook.
16:39 of 2nd period - Shot by Jamie Benn.
16:39 of 2nd period - Shot Misses the Net.
16:43 of 2nd period - Shot by Jakub Voracek.
16:43 of 2nd period - Stopped by Connor Hellebuyck without a rebound.
16:44 of 2nd period - Paul Stastny wins face-off versus Nathan MacKinnon in Penguins zone.
16:53 of 2nd period - Shot by Tomas Tatar.
16:53 of 2nd period - Shot Hit the Post.
16:55 of 2nd period - Shot by William Nylander.
16:55 of 2nd period - Deflect By Tomas Tatar.
16:55 of 2nd period - Shot Blocked by Mark Giordano.
16:57 of 2nd period - Shot by Tomas Tatar.
16:57 of 2nd period - Shot Blocked by Shea Weber.
16:59 of 2nd period - Shot by William Nylander.
16:59 of 2nd period - Shot Misses the Net.
17:05 of 2nd period - Shot by William Nylander.
17:05 of 2nd period - Stopped by Connor Hellebuyck without a rebound.
17:06 of 2nd period - Mika Zibanejad wins face-off versus Sean Monahan in Penguins zone.
18:15 of 2nd period - Icing by Shea Weber.
18:16 of 2nd period - Paul Stastny wins face-off versus Nathan MacKinnon in Penguins zone.
18:50 of 2nd period - Tomas Tatar is hit by Mark Giordano and loses puck.
18:53 of 2nd period - Shot by Tomas Tatar.
18:53 of 2nd period - Shot Misses the Net.
18:55 of 2nd period - Shot by Rasmus Andersson.
18:55 of 2nd period - Shot Hit the Post.
19:16 of 2nd period - Adrian Kempe is hit by Ryan Graves and loses puck.
19:35 of 2nd period - Adrian Kempe is hit by Ryan Graves and loses puck.
Goals for this period are 0 for Penguins vs 1 for Flyers.
Shots for this period are 3 for Penguins vs 12 for Flyers.

3rd period


0:01 of 3rd period - Robert Thomas wins face-off versus Nathan MacKinnon in neutral zone.
1:29 of 3rd period - Shot by Alex DeBrincat.
1:29 of 3rd period - Shot Misses the Net.
1:51 of 3rd period - Shot by Brendan Gallagher.
1:51 of 3rd period - Shot Misses the Net.
1:53 of 3rd period - Shot by Ryan Graves.
1:53 of 3rd period - Shot Blocked by Filip Hronek.
1:55 of 3rd period - Shot by Johan Larsson.
1:55 of 3rd period - Stopped by Connor Hellebuyck without a rebound.
1:56 of 3rd period - Joe Thornton wins face-off versus Mika Zibanejad in Penguins zone.
2:09 of 3rd period - Icing by Marcus Pettersson.
2:10 of 3rd period - Johan Larsson wins face-off versus Joe Thornton in Penguins zone.
2:23 of 3rd period - Shot by Nino Niederreiter.
2:23 of 3rd period - Deflect By Brendan Gallagher.
2:23 of 3rd period - Stopped by Connor Hellebuyck without a rebound.
2:24 of 3rd period - Cedric Paquette wins face-off versus Robert Thomas in Penguins zone.
2:43 of 3rd period - Nathan MacKinnon is hit by Vince Dunn and loses puck.
2:46 of 3rd period - Shot by Mark Giordano.
2:46 of 3rd period - Shot Misses the Net.
2:48 of 3rd period - Shot by Shea Weber.
2:48 of 3rd period - Stopped by Keith Kinkaid with a rebound.
2:50 of 3rd period - Shot by Shea Weber.
2:50 of 3rd period - Shot Misses the Net.
2:52 of 3rd period - Shot by Shea Weber.
2:52 of 3rd period - Stopped by Keith Kinkaid with a rebound.
2:59 of 3rd period - Nathan MacKinnon is hit by Vince Dunn.
3:13 of 3rd period - Robert Thomas is hit by Alex DeBrincat and loses puck.
3:25 of 3rd period - Alex DeBrincat is hit by Rasmus Andersson and loses puck.
4:05 of 3rd period - Shot by Clayton Keller.
4:05 of 3rd period - Stopped by Keith Kinkaid without a rebound.
4:06 of 3rd period - Paul Stastny wins face-off versus Nathan MacKinnon in Flyers zone.
4:10 of 3rd period - Paul Stastny is hit by Brent Seabrook and loses puck.
4:13 of 3rd period - Shot by Noah Hanifin.
4:13 of 3rd period - Deflect By Paul Stastny.
4:13 of 3rd period - Stopped by Connor Hellebuyck with a rebound.
4:15 of 3rd period - Shot by Victor Hedman.
4:15 of 3rd period - Stopped by Connor Hellebuyck without a rebound.
4:16 of 3rd period - Johan Larsson wins face-off versus Joe Thornton in Penguins zone.
4:17 of 3rd period - Shot by Brendan Gallagher.
4:17 of 3rd period - Stopped by Connor Hellebuyck without a rebound.
4:18 of 3rd period - Joe Thornton wins face-off versus Paul Stastny in Penguins zone.
4:18 of 3rd period - Joe Thornton is hit by Paul Stastny.
4:36 of 3rd period - Shot by Tomas Tatar.
4:36 of 3rd period - Shot Misses the Net.
4:38 of 3rd period - Shot by Victor Hedman.
4:38 of 3rd period - Shot Misses the Net.
4:40 of 3rd period - Shot by Paul Stastny.
4:40 of 3rd period - Stopped by Connor Hellebuyck without a rebound.
4:41 of 3rd period - Nathan MacKinnon wins face-off versus Johan Larsson in Penguins zone.
4:50 of 3rd period - Shot by Nathan MacKinnon.
4:50 of 3rd period - Goal by Nathan MacKinnon - Penguins : 3 - Flyers : 2.
4:51 of 3rd period - Sean Monahan wins face-off versus Paul Stastny in neutral zone.
5:52 of 3rd period - Minor Penalty to Johan Larsson for Tripping.
5:53 of 3rd period - Nathan MacKinnon wins face-off versus Jamie Benn in Flyers zone.
6:02 of 3rd period - Shot by Filip Hronek.
6:02 of 3rd period - Deflect By Gabriel Landeskog.
6:02 of 3rd period - Goal by Gabriel Landeskog - Penguins : 4 - Flyers : 2.
6:03 of 3rd period - Cedric Paquette wins face-off versus Robert Thomas in neutral zone.
6:25 of 3rd period - Icing by Filip Hronek.
6:26 of 3rd period - Josh Anderson wins face-off versus Johan Larsson in Penguins zone.
6:30 of 3rd period - Minor Penalty to Ryan Graves for Interference.
6:31 of 3rd period - Paul Stastny wins face-off versus Nathan MacKinnon in Flyers zone.
6:52 of 3rd period - Shot by Jakub Voracek.
6:52 of 3rd period - Stopped by Connor Hellebuyck without a rebound.
6:53 of 3rd period - Mika Zibanejad wins face-off versus Sean Monahan in Penguins zone.
6:56 of 3rd period - Shot by Mika Zibanejad.
6:56 of 3rd period - Stopped by Connor Hellebuyck without a rebound.
6:57 of 3rd period - Sean Monahan wins face-off versus Paul Stastny in Penguins zone.
6:57 of 3rd period - Sean Monahan is hit by Paul Stastny.
7:02 of 3rd period - Icing by Filip Forsberg.
7:03 of 3rd period - Sean Monahan wins face-off versus Paul Stastny in Penguins zone.
7:30 of 3rd period - Jonas Brodin is hit by Filip Forsberg and loses puck.
8:03 of 3rd period - Shot by Patrik Laine.
8:03 of 3rd period - Shot Misses the Net.
8:12 of 3rd period - Shot by Patrik Laine.
8:12 of 3rd period - Stopped by Keith Kinkaid without a rebound.
8:13 of 3rd period - Mika Zibanejad wins face-off versus Nathan MacKinnon in Flyers zone.
8:36 of 3rd period - Shot by Brendan Gallagher.
8:36 of 3rd period - Stopped by Connor Hellebuyck with a rebound.
8:38 of 3rd period - Shot by Jonas Brodin.
8:38 of 3rd period - Stopped by Connor Hellebuyck without a rebound.
8:39 of 3rd period - Joe Thornton wins face-off versus Robert Thomas in Penguins zone.
8:41 of 3rd period - Icing by Clayton Keller.
8:42 of 3rd period - Joe Thornton wins face-off versus Jake Debrusk in Penguins zone.
8:42 of 3rd period - Joe Thornton is hit by Jake Debrusk.
8:59 of 3rd period - Shot by Jake Debrusk.
8:59 of 3rd period - Stopped by Connor Hellebuyck without a rebound.
9:00 of 3rd period - Johan Larsson wins face-off versus Nathan MacKinnon in Penguins zone.
9:01 of 3rd period - Shot by Brendan Gallagher.
9:01 of 3rd period - Stopped by Connor Hellebuyck without a rebound.
9:02 of 3rd period - Mika Zibanejad wins face-off versus Nathan MacKinnon in Penguins zone.
10:16 of 3rd period - Icing by Filip Forsberg.
10:17 of 3rd period - Sean Monahan wins face-off versus Johan Larsson in Penguins zone.
10:24 of 3rd period - Shot by Filip Forsberg.
10:24 of 3rd period - Stopped by Keith Kinkaid without a rebound.
10:25 of 3rd period - Paul Stastny wins face-off versus Joe Thornton in Flyers zone.
10:25 of 3rd period - Victor Hedman is hit by Clayton Keller and loses puck.
10:40 of 3rd period - Brent Seabrook is hit by Tomas Tatar and loses puck.
10:53 of 3rd period - Shot by Tomas Tatar.
10:53 of 3rd period - Shot Misses the Net.
10:55 of 3rd period - Shot by Victor Hedman.
10:55 of 3rd period - Stopped by Connor Hellebuyck with a rebound.
11:40 of 3rd period - Shot by Brendan Gallagher.
11:40 of 3rd period - Shot Misses the Net.
11:50 of 3rd period - Shot by Shea Weber.
11:50 of 3rd period - Shot Blocked by Vince Dunn.
12:14 of 3rd period - Off-side.
12:15 of 3rd period - Sean Monahan wins face-off versus Robert Thomas in neutral zone.
12:24 of 3rd period - Shot by Filip Forsberg.
12:24 of 3rd period - Shot Misses the Net.
12:52 of 3rd period - Shot by Filip Forsberg.
12:52 of 3rd period - Shot Misses the Net.
13:08 of 3rd period - Shot by Joe Thornton.
13:08 of 3rd period - Shot Misses the Net.
13:17 of 3rd period - Off-side.
13:18 of 3rd period - Paul Stastny wins face-off versus Cedric Paquette in neutral zone.
13:20 of 3rd period - Minor Penalty to Josh Anderson for Roughing.
13:21 of 3rd period - Nathan MacKinnon wins face-off versus Paul Stastny in Penguins zone.
13:35 of 3rd period - Shot by Jonas Brodin.
13:35 of 3rd period - Stopped by Connor Hellebuyck without a rebound.
13:36 of 3rd period - Paul Stastny wins face-off versus Nathan MacKinnon in Penguins zone.
13:42 of 3rd period - Tomas Tatar is hit by Shea Weber.
13:46 of 3rd period - Shot by Paul Stastny.
13:46 of 3rd period - Stopped by Connor Hellebuyck without a rebound.
13:47 of 3rd period - Jakub Voracek wins face-off versus Nathan MacKinnon in Penguins zone.
14:04 of 3rd period - Shot by Jonas Brodin.
14:04 of 3rd period - Shot Blocked by Filip Hronek.
14:06 of 3rd period - Shot by Rasmus Andersson.
14:06 of 3rd period - Shot Misses the Net.
14:14 of 3rd period - Shot by Jonas Brodin.
14:14 of 3rd period - Shot Misses the Net.
14:16 of 3rd period - Shot by Jakub Voracek.
14:16 of 3rd period - Shot Misses the Net.
14:18 of 3rd period - Shot by Jakub Voracek.
14:18 of 3rd period - Goal by Jakub Voracek - Penguins : 4 - Flyers : 3.
14:19 of 3rd period - Sean Monahan wins face-off versus Johan Larsson in neutral zone.
14:19 of 3rd period - Mark Giordano is hit by Johan Larsson and loses puck.
14:23 of 3rd period - Shea Weber is hit by Noah Hanifin and loses puck.
14:57 of 3rd period - Minor Penalty to Victor Hedman for High sticking.
14:58 of 3rd period - Paul Stastny wins face-off versus Nathan MacKinnon in Flyers zone.
15:19 of 3rd period - Shot by Gabriel Landeskog.
15:19 of 3rd period - Shot Misses the Net.
15:25 of 3rd period - Shot by Nathan MacKinnon.
15:25 of 3rd period - Shot Misses the Net.
15:27 of 3rd period - Shot by Justin Braun.
15:27 of 3rd period - Stopped by Keith Kinkaid with a rebound.
15:29 of 3rd period - Shot by Filip Hronek.
15:29 of 3rd period - Stopped by Keith Kinkaid without a rebound.
15:29 of 3rd period - Minor Penalty to Keith Kinkaid for Slashing.
15:30 of 3rd period - Mika Zibanejad wins face-off versus Sean Monahan in Flyers zone.
15:44 of 3rd period - Off-side.
15:45 of 3rd period - Nathan MacKinnon wins face-off versus Mika Zibanejad in neutral zone.
16:05 of 3rd period - Icing by Shea Weber.
16:06 of 3rd period - Nathan MacKinnon wins face-off versus Mika Zibanejad in Penguins zone.
16:06 of 3rd period - Nathan MacKinnon is hit by Mika Zibanejad.
16:49 of 3rd period - Shot by Filip Hronek.
16:49 of 3rd period - Shot Blocked by Noah Hanifin.
17:07 of 3rd period - Shot by Filip Hronek.
17:07 of 3rd period - Goal by Filip Hronek - Penguins : 5 - Flyers : 3.
17:08 of 3rd period - Joe Thornton wins face-off versus Paul Stastny in neutral zone.
17:15 of 3rd period - Shot by Joe Thornton.
17:15 of 3rd period - Stopped by Keith Kinkaid without a rebound.
17:16 of 3rd period - Johan Larsson wins face-off versus Joe Thornton in Flyers zone.
18:10 of 3rd period - Icing by Vince Dunn.
18:11 of 3rd period - Gabriel Landeskog wins face-off versus Paul Stastny in Flyers zone.
18:11 of 3rd period - Nathan MacKinnon is hit by Rasmus Andersson.
18:18 of 3rd period - Gabriel Landeskog is hit by Rasmus Andersson and loses puck.
Goals for this period are 3 for Penguins vs 1 for Flyers.
Shots for this period are 11 for Penguins vs 16 for Flyers.